 Dungeon Crawl Stone Soup version 0.29.1-13-g9f3cf754e1 (webtiles) character file.

Game seed: 4156450045090356824

180 growler the Poker (level 5, -1/41 HPs)
             Began as a Demonspawn Wanderer on Jan 24, 2023.
             Was a Priest of Cheibriados.
             Killed from afar by an orc wizard (7 damage)
             ... with a magic dart
             ... on level 3 of the Dungeon.
             The game lasted 00:07:13 (3841 turns).

growler the Poker (Demonspawn Wanderer)             Turns: 3841, Time: 00:07:16

Health: -1/41      AC:  2    Str: 21    XL:     5   Next: 33%
Magic:  7/7        EV: 10    Int: 20    God:    Cheibriados [***...]
Gold:   97         SH:  5    Dex: 20    Spells: 5/6 levels left

rFire   . . .      SeeInvis .   a - +2 spear
rCold   . . .      Faith    .   b - +0 buckler
rNeg    . . .      Spirit   .   d - +0 robe
rPois   .          Reflect  .   (helmet restricted)
rElec   .          Harm     .   (no cloak)
rCorr   .          Rampage  .   (no gloves)
Will    .....                   (no boots)
Stlth   ++........              (no amulet)
HPRegen 0.13/turn               (no ring)
MPRegen 0.10/turn               (no ring)

@: very slow
A: horns 2, demonic guardian 1
a: Renounce Religion, Bend Time, Temporal Distortion


You were on level 3 of the Dungeon.
You worshipped Cheibriados.
Cheibriados was most pleased with you.
You visited 1 branch of the dungeon, and saw 4 of its levels.

You collected 97 gold pieces.

Inventory:

Hand Weapons
 a - a +2 spear (weapon)
 k - a +0 shortbow
Missiles
 n - 2 silver javelins
Armour
 b - a +0 buckler (worn)
 d - a +0 robe (worn)
Jewellery
 l - an amulet of guardian spirit
Wands
 s - a wand of flame (18)
Scrolls
 c - a scroll of fog
 j - a scroll of magic mapping {unknown}
 p - a scroll of enchant armour {unknown}
 q - a scroll of enchant weapon {unknown}
 r - a scroll of blinking {unknown}
Potions
 e - a potion of attraction
 g - a potion of ambrosia
 h - a potion of berserk rage {unknown}
 i - a potion of cancellation {unknown}
 o - a potion of curing {unknown}


   Skills:
 + Level 3.0 Fighting
 - Level 4.5 Polearms
 - Level 1.7 Shields
 - Level 1.0 Spellcasting
 - Level 3.0 Summonings
 + Level 3.4 Invocations


You had 5 spell levels left.
You knew the following spells:

 Your Spells              Type           Power      Damage    Failure   Level
a - Summon Small Mammal   Summ           52%        N/A       7%          1

Your spell library contained the following spells:

 Spells                   Type           Power      Damage    Failure   Level
 Call Canine Familiar     Summ           13%        N/A       21%         3


Dungeon Overview and Level Annotations

Branches:
Dungeon (4/15)
 Temple: D:4-7

Altars:
Cheibriados
Kikubaaqudgha
Nemelex Xobeh
Okawaru
Vehumet

Shops:
D:1 (

Annotations:
D:3 1 runed translucent door, Crazy Yiuf


Innate Abilities, Weirdness & Mutations

You have a pair of horns on your head.
A weak demonic guardian rushes to your aid.


Message History

You barely miss the orc. Something hits you but does no damage.
Deactivating autopickup; reactivate with Ctrl-A.
The orc closely misses you.
Unknown command.
You puncture the orc!
You kill the orc!
Cheibriados thoroughly appreciates the change of pace.
You hear some strange, mumbled words.
A magic dart appears from out of thin air!
The magic dart hits you!
Your Fighting skill increases to level 3!
Reach: a) +2 spear
Press: ? - help, Dir - move target You hit something but do no damage.
You hear some strange, mumbled words.
A magic dart appears from out of thin air!
The magic dart hits you.
* * * LOW HITPOINT WARNING * * *
Reach: a) +2 spear
Press: ? - help, Dir - move target You hit something but do no damage.
Something hits you.
* * * LOW HITPOINT WARNING * * *
Unknown command.
Reach: a) +2 spear
Press: ? - help, Dir - move target You hit something.
Something hits you.
* * * LOW HITPOINT WARNING * * *
Unknown command.
Reach: a) +2 spear
Press: ? - help, Dir - move target You barely miss something.
Something hits you.
* * * LOW HITPOINT WARNING * * *
Unknown command.
Reach: a) +2 spear
Press: ? - help, Dir - move target You closely miss something.
You hear some strange, mumbled words.
A magic dart appears from out of thin air!
The magic dart hits you!
You die...

#.######.....##.....# ###.#......
#.#≈≈≈≈≈.######.....# #.......#..
..#≈≈≈≈.....<.......# #..........
#.#≈≈≈≈.######......###.....#._.#
###≈≈≈..# ##..................
#≈≈≈≈..## ####.....######....#..
≈≈≈...## ###.......<# ##.......
....### #...##{....#####........
##..######.###..@)........#######
.........### ############.#
#.......^# #.# #.######## #####
#.####### #.# #).)# #.##.#.#. #.#
#)))# #.###†#.. #.#


)g) #.##.#..# #.# #+# #.###..## #.# ♣♣)♣ #.##..##. There were no monsters in
sight!

Vanquished Creatures
  A bullfrog (D:3)
  A gnoll (D:3)
  3 adders (D:3)
  A worm (D:3)
  3 orcs
  6 bats
  4 endoplasms
  5 giant cockroaches
  8 goblins
  5 hobgoblins
  5 jackals
  A quokka (D:3)
  6 ball pythons
  4 frilled lizards
  8 kobolds
  8 rats
69 creatures vanquished.

Vanquished Creatures (collateral kills)
  A ball python (D:3)
  A jackal (D:2)
  A frilled lizard (D:3)
3 creatures vanquished.

Grand Total: 72 creatures vanquished

Notes
Turn   | Place    | Note
-------+----------+-------------------------------------------
     0 | D:1      | growler the Demonspawn Wanderer began the quest for the
                  | Orb.
     0 | D:1      | growler set off with the following items: a +2 spear, a +0
                  | buckler, a scroll of fog, a +0 robe; and the following
                  | spell memorised: Summon Small Mammal; and the following
                  | spells available to memorise: Call Canine Familiar.
     0 | D:1      | Reached XP level 1. HP: 13/13 MP: 2/2
    79 | D:1      | Found a faded altar of an unknown god.
    90 | D:1      | Found Atrer's Weapon Boutique.
   166 | D:1      | Prayed at the altar of an unknown god.
   166 | D:1      | Became a worshipper of Cheibriados the Contemplative
   166 | D:1      | Reached * piety under Cheibriados
   375 | D:1      | Reached skill level 4 in Polearms
   395 | D:1      | Gained mutation: A weak demonic guardian rushes to your
                  | aid. [demonic ancestry]
   395 | D:1      | Reached XP level 2. HP: 15/19 MP: 3/3
  1219 | D:2      | Found a sparkling altar of Nemelex Xobeh.
  1371 | D:2      | Discovered your monstrous ancestry.
  1371 | D:2      | Gained mutation: You have a pair of small horns on your
                  | head. [demonic ancestry]
  1371 | D:2      | Reached XP level 3. HP: 16/24 MP: 4/4
  1371 | D:2      | Reached ** piety under Cheibriados
  1890 | D:2      | Reached skill level 1 in Fighting
  2434 | D:3      | Found an iron altar of Okawaru.
  2691 | D:3      | Reached skill level 1 in Invocations
  2705 | D:3      | Gained mutation: You have a pair of horns on your head.
                  | [demonic ancestry]
  2705 | D:3      | Reached XP level 4. HP: 32/33 MP: 5/5
  2966 | D:3      | Found an ancient bone altar of Kikubaaqudgha.
  3265 | D:3      | Found a radiant altar of Vehumet.
  3271 | D:3      | Reached *** piety under Cheibriados
  3427 | D:3      | Noticed a bullfrog
  3434 | D:3      | Killed a bullfrog
  3435 | D:3      | Reached XP level 5. HP: 9/39 MP: 5/7
  3439 | D:3      | HP: 1/39 [giant cockroach (2)]
  3639 | D:3      | Found a runed translucent door.
  3640 | D:3      | Noticed Crazy Yiuf
  3841 | D:3      | Killed from afar by an orc wizard

Illustrated notes

Levels and vault maps discovered:
D:1:      enne_arrival_octagon_isle, layout_loops_ring,
          dreamdust_ecumenical_altar_statues, serial_shops,
          nicolae_shop_statue_plus
D:2:      layout_loops_corners, basic_altar, minivault_26,
          hangedman_decor_peaks_small, minmay_misc_feat_doors,
          minmay_pentomino_u2
D:3:      minmay_diamond_boxcup, layout_rooms, vehumet_altar_wand_db,
          mainiacjoe_overflow_catwalk, nicolae_elyvilon_peaceful_grove,
          nicolae_overflow_crystal_walls, mainiacjoe_overflow_24_doors,
          minmay_misc_feat_hallway, dreamdust_princess_bridge,
          grunt_decor_junction, skrybe_limestone_x, due_unseen_surprise,
          uniq_crazy_yiuf_cottage
D:4:      layout_gridville, minmay_temple_entry_wispy,
          nicolae_ossuary_entry_giza, gammafunk_ghost_necromancy

Skill      XL: |  1  2  3  4  5 |
---------------+----------------+-----
Polearms       | 4 |  4.5
Fighting       | 1 2 3 |  3.0
Invocations    | 1 3 |  3.4
Shields        | |  1.7
Spellcasting   | |  1.0
Summonings     | |  3.0

Action                   |  1- 3 |  4- 6 || total
-------------------------+-------+-------++-------
Melee: Spear             |   152 |    60 ||   212
       Headbutt          |     9 |     6 ||    15
  Use: Scroll            |       |     2 ||     2
       Potion            |       |     1 ||     1
 Stab: Sleeping          |     6 |     1 ||     7
Armor: Robe              |    12 |     8 ||    20
Dodge: Dodged            |    63 |    34 ||    97
Block: Buckler           |    26 |    13 ||    39
